 Dungeon Crawl Stone Soup version 0.30-a0-696-g2367cd04db (webtiles) character file.

Game seed: 4619691529870341787

48 Sabo the Firebug (level 3, -1/21 HPs)
             Began as an Octopode Fire Elementalist on Jan 20, 2023.
             Was a Follower of Okawaru.
             Killed from afar by an orc wizard (12 damage)
             ... with a magic dart
             ... on level 3 of the Dungeon.
             The game lasted 00:16:00 (2652 turns).

Sabo the Firebug (Octopode Fire Elementalist)       Turns: 2652, Time: 00:16:01

Health: -1/21      AC:  1    Str:  7    XL:     3   Next: 72%
Magic:  0/6        EV: 13    Int: 19    God:    Okawaru [*.....]
Gold:   95         SH:  0    Dex: 12    Spells: 3/6 levels left

rFire   . . .      SeeInvis .    a - +2 dagger (vamp)
rCold   . . .      Faith    .    (no shield)
rNeg    . . .      Spirit   .    (helmet restricted)
rPois   .          Reflect  .    (no amulet)
rElec   .          Harm     .    (no ring)
rCorr   .          Rampage  .    (no ring)
Will    .....                    (no ring)
Stlth   +++                      (no ring)
HPRegen 0.23/turn                (no ring)
MPRegen 0.10/turn                (no ring)
                                 (no ring)
                                 (no ring)

@: no status effects
A: almost no armour, amphibious, 8 rings, camouflage 1, gelatinous body 1,
(nimble swimmer 1), tentacles
a: Renounce Religion, Heroism


You were on level 3 of the Dungeon.
You worshipped Okawaru.
Okawaru was aware of your devotion.
You visited 1 branch of the dungeon, and saw 3 of its levels.

You collected 95 gold pieces.

Inventory:

Hand Weapons
 a - a +2 vampiric dagger (weapon)
 f - a +0 sling
 m - a +0 war axe
Missiles
 j - 5 curare-tipped darts
 l - 6 poisoned darts
Scrolls
 b - a scroll of vulnerability {unknown}
 d - a scroll of amnesia
 g - a scroll of enchant armour
Potions
 c - 2 potions of curing
 e - a potion of magic
 h - a potion of lignification {unknown}
 i - 3 potions of brilliance {unknown}


   Skills:
 + Level 2.3 Dodging
 + Level 3.1 Stealth
 + Level 2.4 Spellcasting
 + Level 1.3 Conjurations
 + Level 3.7 Fire Magic


You had 3 spell levels left.
You knew the following spells:

 Your Spells              Type           Power      Damage    Failure   Level
a - Foxfire               Conj/Fire      48%        2x1d6     6%          1
b - Scorch                Fire           32%        2d6       5%          2

Your spell library contained the following spells:

 Spells                   Type           Power      Damage    Failure   Level
 Inner Flame              Hex/Fire       9%         N/A       22%         3
 Kindle Blastsparks       Fire/Tloc/Air  14%        2d11      28%         3
 Flame Wave               Conj/Fire      12%        2d6       50%         4
 Summon Cactus Giant      Summ           Unusable   N/A       N/A         6

Dungeon Overview and Level Annotations

Branches:
Dungeon (3/15)

Altars:
Fedhas
Okawaru
The Shining One


Innate Abilities, Weirdness & Mutations

You cannot wear most types of armour.
You are amphibious.
You can wear up to eight rings at the same time.
Your skin changes colour to match your surroundings (Stealth+).
Your rubbery body absorbs attacks. (AC +1, EV +1)
((You are camouflaged when in or above water. (Stealth+)))
You have tentacles for arms and can constrict up to eight enemies at once.


Message History

An orc comes into view. It is wielding a +0 flail.
Casting: Scorch (safe; 5% risk of failure)
Confirm with . or Enter, or press ? or * to list all spells.
Flames lash the orc.
The orc shouts!
The orc is almost dead.
The orc's fire resistance burns away.
You hear a shout! x4
An orc comes into view. It is wielding a +0 falchion.
Casting: Scorch (safe; 5% risk of failure)
Confirm with . or Enter, or press ? or * to list all spells.
Flames lash the orc.
The orc is burned terribly!
You kill the orc!
Okawaru accepts your kill.
An orc wizard comes into view. It is wielding a +0 dagger.
Casting: Scorch (safe; 5% risk of failure)
Confirm with . or Enter, or press ? or * to list all spells.
Flames lash the orc wizard.
The orc wizard is severely wounded.
The orc wizard's fire resistance burns away.
The orc hits you with a +0 falchion.
The orc wizard gestures wildly while chanting.
The orc wizard flickers and vanishes!
Deactivating autopickup; reactivate with Ctrl-A.
Unknown command.
You hit the orc.
You kill the orc!
Okawaru accepts your kill.
You barely miss something. Your squeeze misses something. Something hits you.
You hit something. Something hits you.
You hit something.
You feel better.
Your squeeze misses something. Something hits you.
An orc comes into view. It is wielding a +0 whip.
You barely miss something. Something hits you.
You hit something but do no damage.
You hear some strange, mumbled words.
A magic dart appears from out of thin air!
The magic dart hits you!
Ouch! That really hurt!
You die...

...†..# #####.# #.#
#.#######
#####.#......
)............
.........##### #
##...#####...#####.#
##...'....._....@{o#
##...#####...#####.#
##..... ##### #
......#. ##.....
#.####. #. . ..


h You could see an orc.

Vanquished Creatures
  A gnoll (D:1)
  2 dart slugs (D:1)
  2 orcs (D:3)
  2 ball pythons
  4 endoplasms
  3 goblins
  3 hobgoblins (D:1)
  A bat (D:1)
  3 frilled lizards
  6 kobolds
  6 rats
33 creatures vanquished.

Vanquished Creatures (collateral kills)
  A foxfire (D:1)
1 creature vanquished.

Vanquished Creatures (others)
  56 foxfires (D:1)
  2 fungi (D:1)
  5 plants (D:1)
63 creatures vanquished.

Grand Total: 97 creatures vanquished

Notes
Turn   | Place    | Note
-------+----------+-------------------------------------------
     0 | D:1      | Sabo the Octopode Fire Elementalist began the quest for the
                  | Orb.
     0 | D:1      | Reached XP level 1. HP: 11/11 MP: 3/3
   375 | D:1      | Reached XP level 2. HP: 14/17 MP: 3/5
   548 | D:1      | Reached XP level 3. HP: 21/21 MP: 3/6
   760 | D:1      | Found a faded altar of an unknown god.
   791 | D:1      | Prayed at the altar of an unknown god.
   791 | D:1      | Became a worshipper of Warmaster Okawaru
   791 | D:1      | Reached * piety under Okawaru
  1117 | D:1      | Learned a level 2 spell: Scorch
  1968 | D:2      | Found a glowing golden altar of the Shining One.
  2630 | D:3      | Found a blossoming altar of Fedhas.
  2652 | D:3      | Killed from afar by an orc wizard

Illustrated notes

Levels and vault maps discovered:
D:1:      wander_arrival_fairy_ring, layout_basic,
          shapermc_ecumenical_altar_mp_urbaneastern
D:2:      layout_loops_ring, basic_altar, serial_co_window_serial,
          co_window_of_opportunity_a, co_window_paths_a, co_window_corner_a,
          co_window_of_opportunity_a, co_window_paths_a, co_window_paths_a,
          co_window_cross_1, co_window_unsneaky_path_c, co_window_broadway_a,
          co_window_cross_4, co_window_4corner_a, co_window_paths_e,
          glass_columns_a, glass_columns_a, glass_columns_b, glass_columns_a
D:3:      layout_loops_ring, mainiacjoe_overflow_surrounded_room,
          lemuel_crystal_altar, nicolae_overflow_crystal_walls,
          minmay_misc_feat_iff

Skill      XL: |  1  2  3 |
---------------+----------+-----
Stealth        | 3 |  3.1
Dodging        | |  2.3
Spellcasting   | |  2.4
Conjurations   | |  1.3
Fire Magic     | |  3.7

Action                   || total
-------------------------++-------
Melee: Dagger            ||     9
       Short sword       ||     5
       Tentacles         ||     3
       Constrict         ||     2
 Cast: Foxfire           ||    32
       Scorch            ||    14
  Use: Potion            ||     2
       Scroll            ||     4
 Stab: Sleeping          ||     1
Armor: Skin              ||     1
Dodge: Dodged            ||    15

Table legend: (Time is in decaauts)
 A = Elapsed time spent in this place.
 B = Non-inter-level travel time spent in this place.
 C = Inter-level travel time spent in this place.
 D = Time resting spent in this place.
 E = Time spent auto-exploring this place.
 F = Levels seen in this place.
 G = Mean time per level.
                   A        B        C        D        E       F      G
               +--------+--------+--------+--------+--------+-----+--------+
         Total |   2649 |   2649 |      0 |    452 |      0 |   3 |  883.0 |
       Dungeon |   2649 |   2649 |      0 |    452 |      0 |   3 |  883.0 |
               +--------+--------+--------+--------+--------+-----+--------+

Top non-repeatable levels by time:
     D:2: 1297 daAuts
     D:1: 1116 daAuts
     D:3: 234 daAuts
